cohdb
Replays
Latest Replays
All Replays
Popular Replays
Top Player Replays
Match Explorer
How It Works
Community
CoH3 Stats
Reddit
Sign in to upload your games and track your stats! →
Sign in with Steam
Match 38797710
Unlisted
Match 38797710
Overview
Messages
Build Orders
End
Panzergrenadier Squad
Panzerpioneer Squad
Selects Armored Support Battlegroup
250 Light Carrier
Construct Light Support Kompanie
Combat Half-tracks
MG34 Team
Selects Superior Fire Drills
Assault Grenadier Squad
Fire Support Elements
Panzerjäger Mechanized Group
2.5-tonne Medical Truck
le.IG 18 Support Gun Team
Selects Flammpanzer III Medium Tank
Flammpanzer III Medium Tank
Construct Panzerarmee Kommand
Armored Reserves
sTraydog
XuZhongwei
0
0
Comments
sign in to comment!
No comments posted yet!